 Dungeon Crawl Stone Soup version 0.20.1-1-g8b1a95d (webtiles) character file.

3352 Timinator the Grappler (level 9, -4/93 HPs)
             Began as a Troll Monk on Nov 1, 2017.
             Shot with a bolt by an orc warrior (12 damage)
             ... in a bailey.
             The game lasted 00:06:28 (3953 turns).

Timinator the Grappler (Troll Monk)                 Turns: 3953, Time: 00:06:29

Health: -4/93      AC:  5    Str: 21    XL:     9   Next: 72%
Magic:  8/8        EV: 14    Int:  6    God:
Gold:   188        SH:  0    Dex: 15    Spells: 8/8 levels left

rFire    . . .     SeeInvis .     - Unarmed
rCold    . . .     Gourm    +   (no shield)
rNeg     . . .     Faith    .   a - +0 robe
rPois    .         Spirit   .   (helmet restricted)
rElec    .         Reflect  .   (no cloak)
rCorr    +         Harm     .   (gloves unavailable)
MR       .....                  (boots unavailable)
Stlth    +++.......             (no amulet)
Regen    0.7/turn               d - ring of resist corrosion
MPRegen  0.2/turn               A - ring of stealth

@: no status effects
A: unfitting armour, claws 3, fast metabolism 3, gourmand, regeneration 1,
shaggy fur 1, tough skin 2
a: no special abilities


You were in a bailey.
You were not hungry.

You visited 1 branch of the dungeon, and saw 7 of its levels.
You also visited: Bailey.

You collected 188 gold pieces.

Inventory:

Hand Weapons
 q - a +3 hand crossbow of flaming
Missiles
 s - 13 bolts
Armour
 a - a +0 robe (worn)
Jewellery
 d - a ring of resist corrosion (left claw)
 A - a ring of stealth (right claw)
Wands
 f - a wand of polymorph (13/24)
 p - a wand of scattershot (0/9)
 w - a wand of confusion (0/48)
 y - a wand of random effects (31/48)
Scrolls
 e - 5 scrolls of identify
 g - a scroll of immolation
 j - 2 scrolls of magic mapping
 k - 2 scrolls of blinking
 t - 2 scrolls of remove curse
Potions
 i - a potion of lignification
 l - 2 potions of flight
 n - a potion of brilliance
Comestibles
 b - 5 bread rations
 c - 3 meat rations


   Skills:
 + Level 7.2 Fighting
 + Level 7.0 Dodging
 - Level 1.0 Stealth
 + Level 8.7 Unarmed Combat


You had 8 spell levels left.
You didn't know any spells.

Dungeon Overview and Level Annotations

Branches:
Dungeon (8/15)
 Temple: D:4-7         Lair: D:8-11

Altars:
Dithmenos
Fedhas
Hepliaklqana
Nemelex Xobeh
Qazlal

Shops:
D:4 *

Annotations:
D:4 exclusion: oklob plant


Innate Abilities, Weirdness & Mutations

You are too large for most types of armour.
You have claws for hands.
Your metabolism is lightning-fast.
You like to eat raw meat.
Your natural rate of healing is unusually fast.
You are covered in fur. (AC +1)
You have very tough skin. (AC +2)


Message History

Okay, then.
Unknown command.
As you read the scroll of fear, it crumbles to dust.
You assume a fearsome visage.
The orc warrior looks frightened!
The orc looks frightened!
Okay, then.
Evoke which item? (* to show all) (? for menu, Esc to quit)
Aiming: Scattershot (will waste charges)
Press: ? - help, Shift-Dir - straight line, f - orc, p - orc warrior
Aim: an orc, wielding a bloodstained triple sword {elec} and wearing a scale mail (lightly wounded, fleeing)
The burst of metal fragments hits the orc.
Your attack snaps the orc out of its fear.
The burst of metal fragments hits the orc.
You kill the orc!
Evoking this partially-identified wand wasted a few charges.
Unknown command.
Unknown command.
There is an empty arch of ancient stone here.
The orc warrior shoots a bolt.
The bolt hits you!
You die...

### ##### ##∩##
#####
....(##...##.(...
.≈≈≈(.#...#..≈≈≈.
≈≈o≈≈o.....(≈≈o≈≈
≈.oo≈((....(≈oo.≈
≈≈o≈≈.(.....≈≈o≈≈
≈≈≈..#(@)#..W≈≈
... #.∩.# ... #
##∩## # ###


You could see an orc knight, 5 orc warriors and 3 orcs.

Vanquished Creatures
  The ghost of AdmiralAndromeda the Severer, a journeyman MiMo of Makhleb (Bailey)
  2 orc knights (Bailey)
  Joseph (D:7)
  A hippogriff (D:7)
  Sigmund (D:2)
  3 orc warriors (Bailey)
  A sky beast (D:5)
  A phantom (D:4)
  An ogre (D:7)
  A crimson imp (D:5)
  2 hounds (D:4)
  A jelly (D:5)
  A bullfrog skeleton (D:4)
  A centaur skeleton (D:4)
  2 orc priests
  2 orc wizards (D:4)
  2 worker ants
  A hound skeleton (D:4)
  4 adders
  A shadow imp (D:5)
  2 oozes (D:2)
  An adder skeleton (D:4)
  3 worms
  3 dart slugs
  2 leopard geckos (D:3)
  16 orcs
  5 giant cockroaches
  13 goblins
  9 hobgoblins
  6 jackals
  4 quokkas
  A ball python (D:4)
  8 bats
  6 frilled lizards
  6 kobolds
  A quokka zombie (D:7)
  9 rats
125 creatures vanquished.

Vanquished Creatures (others)
  15 toadstools (D:4)
15 creatures vanquished.

Grand Total: 140 creatures vanquished

Notes
Turn   | Place    | Note
-------+----------+-------------------------------------------
     0 | D:1      | Timinator the Troll Monk began the quest for the Orb.
     0 | D:1      | Reached XP level 1. HP: 22/22 MP: 0/0
   283 | D:1      | Reached XP level 2. HP: 26/29 MP: 1/1
   593 | D:2      | Found a faded altar of an unknown god.
   602 | D:2      | Reached XP level 3. HP: 36/36 MP: 2/2
   759 | D:2      | Found a sparkling altar of Nemelex Xobeh.
   863 | D:2      | Found a sparkling altar of Nemelex Xobeh.
  1000 | D:2      | Noticed Sigmund
  1009 | D:2      | Killed Sigmund
  1009 | D:2      | Reached skill level 4 in Unarmed Combat
  1009 | D:2      | Reached XP level 4. HP: 40/45 MP: 3/3
  1009 | D:2      | Reached XP level 5. HP: 47/53 MP: 4/4
  1791 | D:4      | Reached XP level 6. HP: 62/62 MP: 5/5
  1890 | D:4      | Reached skill level 5 in Unarmed Combat
  2133 | D:4      | Found a blossoming altar of Fedhas.
  2144 | D:4      | Noticed an oklob plant
  2166 | D:5      | Entered Level 5 of the Dungeon
  2315 | D:4      | Reached XP level 7. HP: 45/70 MP: 6/6
  2657 | D:4      | Found Purphux's Assorted Antiques.
  2994 | D:5      | Found a shadowy altar of Dithmenos.
  2994 | D:5      | Found a hazy altar of Hepliaklqana.
  3299 | D:5      | Reached skill level 6 in Unarmed Combat
  3435 | D:5      | You fall through a shaft for 3 floors!
  3441 | D:7      | Noticed a hippogriff
  3457 | D:7      | Killed a hippogriff
  3457 | D:7      | Reached skill level 5 in Fighting
  3457 | D:7      | Reached skill level 5 in Dodging
  3457 | D:7      | Reached XP level 8. HP: 28/80 MP: 7/7
  3680 | D:7      | Found a stormy altar of Qazlal.
  3709 | D:7      | Noticed Joseph
  3726 | D:7      | Killed Joseph
  3734 | D:7      | Found a flagged portal.
  3798 | Bailey   | Entered a bailey
  3798 | Bailey   | Noticed an orc knight
  3798 | Bailey   | Noticed an orc knight
  3798 | Bailey   | Noticed an orc knight
  3801 | Bailey   | Noticed AdmiralAndromeda's ghost (journeyman MiMo)
  3802 | Bailey   | Killed an orc knight
  3802 | Bailey   | Reached skill level 7 in Unarmed Combat
  3827 | Bailey   | Killed AdmiralAndromeda's ghost
  3827 | Bailey   | Reached skill level 8 in Unarmed Combat
  3827 | Bailey   | Reached XP level 9. HP: 84/92 MP: 8/8
  3876 | Bailey   | Killed an orc knight
  3953 | Bailey   | Shot with a bolt by an orc warrior

Skill      XL: |  1  2  3  4  5  6  7  8  9 |
---------------+----------------------------+-----
Fighting       | 3 4 5 6 7 |  7.2
Dodging        | 3 4 5 6 7 |  7.0
Unarmed Combat | 4 5 6 8 |  8.7
Stealth        | |  1.0

Action                   |  1- 3 |  4- 6 |  7- 9 || total
-------------------------+-------+-------+-------++-------
Melee: Unarmed           |    84 |   136 |   110 ||   330
       Punch             |     1 |     4 |     5 ||    10
 Fire: Hand crossbow     |       |       |    11 ||    11
Evoke: Wand              |       |       |     4 ||     4
  Use: Scroll            |       |     7 |     5 ||    12
       Potion            |       |       |     8 ||     8
 Stab: Sleeping          |     2 |     1 |     2 ||     5
  Eat: Chunk             |    11 |     8 |     8 ||    27
       Royal jelly       |       |       |     2 ||     2
       Meat ration       |       |       |     1 ||     1
Armor: Robe              |    26 |    31 |    31 ||    88
       Skin              |       |       |     4 ||     4
Dodge: Dodged            |    37 |    58 |    81 ||   176
